 Dungeon Crawl Stone Soup version 0.29.1-1-gd02db6906a (webtiles) character file.

Game seed: 3146953574553494650

38 infinitevox the Grasshopper (level 3, -8/27 HPs)
             Began as a Demonspawn Warper on Oct 18, 2022.
             Killed by divine providence
             ... invoked by an orc priest
              (14 damage)
             ... on level 2 of the Dungeon.
             The game lasted 00:04:55 (1833 turns).

infinitevox the Grasshopper (Demonspawn Warper)     Turns: 1833, Time: 00:04:58

Health: -8/27      AC:  3    Str: 13    XL:     3   Next: 25%
Magic:  6/6        EV: 11    Int: 12    God:
Gold:   39         SH:  5    Dex: 12    Spells: 6/6 levels left

rFire   . . .      SeeInvis +   a - +0 falchion
rCold   . . .      Faith    .   (no shield)
rNeg    . . .      Spirit   .   b - +0 leather armour
rPois   .          Reflect  +   (no helmet)
rElec   .          Harm     .   (no cloak)
rCorr   .          Rampage  .   (no gloves)
Will    .....      Rage     3%  (no boots)
Stlth   +.........              h - amulet of reflection
HPRegen 0.09/turn               (no ring)
MPRegen 0.10/turn               (no ring)

@: no status effects
A: demonic magic 1, see invisible, berserk 1, dopey 1, sense surroundings 1
a: no special abilities


You were on level 2 of the Dungeon.
You visited 1 branch of the dungeon, and saw 2 of its levels.

You collected 39 gold pieces.

Inventory:

Hand Weapons
 a - a +0 falchion (weapon)
Missiles
 d - 6 boomerangs of dispersal (quivered)
Armour
 b - a +0 leather armour (worn)
Jewellery
 h - an amulet of reflection (around neck)
Scrolls
 c - a scroll of blinking
 f - a scroll of teleportation {unknown}
 j - a scroll of immolation {unknown}
 l - a scroll of identify {unknown}
Potions
 e - a potion of might {unknown}
 g - 2 potions of haste {unknown}
 i - a potion of mutation
 k - a potion of curing {unknown}
 m - 2 potions of attraction {unknown}
 n - a potion of brilliance {unknown}


   Skills:
 - Level 2.0 Fighting
 + Level 2.9 Long Blades
 + Level 0.8 Throwing
 + Level 1.1 Armour
 - Level 2.0 Dodging
 - Level 2.0 Spellcasting
 - Level 3.0 Translocations


You had 6 spell levels left.
You didn't know any spells.
Your spell library contained the following spells:

 Spells                   Type           Power      Damage    Failure   Level
 Blink                    Tloc           16%        N/A       16%         2
 Gell's Gravitas          Tloc           8%         N/A       30%         3
 Lesser Beckoning         Tloc           8%         N/A       30%         3
 Teleport Other           Tloc           8%         N/A       30%         3
 Manifold Assault         Tloc           8%         N/A       95%         5


Dungeon Overview and Level Annotations

Branches:
Dungeon (2/15)

Altars:


Innate Abilities, Weirdness & Mutations

Spells you cast may paralyse adjacent enemies.
You have supernaturally acute eyesight. (SInv)
You sometimes lose your temper in combat.
You are dopey. (Int -2)
You passively map a small area around you.


Message History

The orc priest is moderately wounded.
The orc priest hits you with a +0 club.
You barely miss the orc priest.
The orc priest is moderately wounded.
The orc priest hits you with a +0 club.
The orc priest calls upon Beogh to heal the orc.
The orc's wounds heal themselves!
You closely miss the orc priest.
The orc priest is moderately wounded.
The orc priest hits you with a +0 club.
You slash the orc priest!
The orc priest is almost dead.
The orc priest misses you.
You completely miss the orc priest.
The orc priest is severely wounded.
The orc priest hits you with a +0 club.
You barely miss the orc priest.
The orc priest is severely wounded.
The orc priest barely misses you.
You hit the orc priest.
The orc priest is severely wounded.
The orc priest invokes the aid of Beogh against you.
Beogh smites you!
* * * LOW HITPOINT WARNING * * *
You barely miss the orc priest.
The orc priest is severely wounded.
The orc priest hits you with a +0 club.
* * * LOW HITPOINT WARNING * * *
Throw: 6 boomerangs (disperse)
Press: ? - help, Q - select action Shift-Dir - straight line, f/p - orc priest
Aim: an orc priest, wielding a +0 club (severely wounded, 57% to hit)
Okay, then.
It was a potion of mutation.
You feel extremely strange.
You feel stupid.
You feel a little pissed off.
Your vision sharpens.
You feel a strange attunement to the structure of the dungeons.
The orc shouts!
The orc priest mumbles some strange prayers to Beogh against you.
Beogh smites you!
Ouch! That really hurt!
You die...

#......># #######.#
w# , #.# #.# , #.#
#.# * #.# #.# # #.#
#.# .# * * #.# #.#
.### , ##.####.##...#
, #..@ooo......### ,
######.####.........
...............o.###
################....o
* #### *


You could see an orc priest and 3 orcs.

Vanquished Creatures
  An adder (D:2)
  2 worms (D:2)
  2 endoplasms (D:1)
  3 goblins
  A hobgoblin (D:2)
  7 kobolds
  2 quokkas (D:2)
  A ball python (D:1)
  A bat (D:1)
  A rat (D:1)
21 creatures vanquished.

Notes
Turn   | Place    | Note
-------+----------+-------------------------------------------
     0 | D:1      | infinitevox the Demonspawn Warper began the quest for the
                  | Orb.
     0 | D:1      | Reached XP level 1. HP: 16/16 MP: 3/3
   639 | D:1      | Found a faded altar of an unknown god.
   657 | D:1      | Reached skill level 3 in Translocations
   657 | D:1      | Gained mutation: Spells you cast may paralyse adjacent
                  | enemies. [demonic ancestry]
   657 | D:1      | Reached XP level 2. HP: 22/22 MP: 5/5
  1324 | D:2      | Reached skill level 1 in Armour
  1333 | D:2      | Reached XP level 3. HP: 22/27 MP: 6/6
  1833 | D:2      | Gained mutation: You are dopey. (Int -2) [potion of
                  | mutation]
  1833 | D:2      | Gained mutation: You sometimes lose your temper in combat.
                  | [potion of mutation]
  1833 | D:2      | Gained mutation: You have supernaturally acute eyesight.
                  | (SInv) [potion of mutation]
  1833 | D:2      | Gained mutation: You passively map a small area around you.
                  | [potion of mutation]
  1833 | D:2      | Killed from afar by an orc priest

Illustrated notes

Levels and vault maps discovered:
D:1:      lightli_arrival_chessboard, layout_loops_cross,
          dreamdust_ecumenical_altar_statues
D:2:      layout_loops_ring, uniq_sigmund, uniq_robin

Skill      XL: |  1  2 |
---------------+-------+-----
Long Blades    | 2 |  2.9
Translocations | 3 |  3.0
Dodging        | 2 |  2.0
Armour         | 1 |  1.1
Fighting       | |  2.0
Throwing       | |  0.8
Spellcasting   | |  2.0

Action                   || total
-------------------------++-------
Melee: Falchion          ||    86
       Punch             ||     2
Throw: Boomerang         ||     1
  Use: Potion            ||     1
 Stab: Sleeping          ||     1
Armor: Leather armour    ||    11
Dodge: Dodged            ||    35
Block: Other             ||    10
